 Dungeon Crawl Stone Soup version 0.28.0-49-g6dfe1f597d (webtiles) character file.

Game seed: 13778942999622857093

6310 101zpm the Thaumaturge (level 11, -13/66 HPs)
             Began as a Djinni Fire Elementalist on May 12, 2022.
             Mangled by a vault guard
             ... wielding a +0 broad axe
              (15 damage)
             ... in a bailey.
             The game lasted 00:25:18 (12732 turns).

101zpm the Thaumaturge (Djinni Fire Elementalist)  Turns: 12732, Time: 00:25:19

Health: -13/66     AC:  4    Str:  7    XL:     11   Next: 16%
Gold:   671        EV: 13    Int: 33    God:
                   SH:  0    Dex: 14

rFire   + + +      SeeInvis .   I - +7 hand axe of Zeuryjaetu {spect, rN+ Int+6}
rCold   x . .      Faith    .   (no shield)
rNeg    + . .      Spirit   .   a - +0 robe
rPois   ∞          Reflect  .   (no helmet)
rElec   .          Harm     .   u - +0 cloak
rCorr   .          Rampage  .   v - +0 pair of gloves
Will    +....                   (boots unavailable)
Stlth   +++.......              (no amulet)
HPRegen 0.21/turn               C - ring of protection from fire
MPRegen 0.00/turn               y - +6 ring of intelligence

@: flying
A: sickness immunity, fire resistance 2, cold vulnerability 1, float, innate
caster, HP casting, extra vitality 1
a: no special abilities


You were in a bailey.
You visited 1 branch of the dungeon, and saw 9 of its levels.
You also visited: Ossuary and Bailey.

You collected 671 gold pieces.

Inventory:

Hand Weapons
 I - the +7 hand axe of Zeuryjaetu (weapon) {spect, rN+ Int+6}
   (You found it on level 6 of the Dungeon)

   When its wielder attacks, the weapon's spirit leaps out and strikes again.
   The spirit shares a part of any damage it takes with its wielder.
   Int:       It affects your intelligence (+6).
   rN:        It protects you from negative energy.
Missiles
 A - a throwing net
Armour
 a - a +0 robe (worn)
 u - a +0 cloak (worn)
 v - a +0 pair of gloves (worn)
Magical Staves
 g - a staff of conjuration
Jewellery
 l - a ring of ice
 y - a +6 ring of intelligence (right hand)
 C - a ring of protection from fire (left hand)
 F - an amulet of faith
 L - a ring of resist corrosion
Wands
 n - a wand of paralysis (7)
 x - a wand of acid (12)
 E - a wand of flame (49)
 J - a wand of iceblast (21) (quivered)
Scrolls
 i - 6 scrolls of teleportation
 j - 4 scrolls of fear
 r - a scroll of amnesia
 s - a scroll of noise
 t - 2 scrolls of vulnerability
 w - a scroll of immolation
 B - 3 scrolls of enchant armour
 H - a scroll of silence {unknown}
 K - a scroll of fog {unknown}
Potions
 b - 4 potions of ambrosia {unknown}
 d - 4 potions of heal wounds {unknown}
 e - 2 potions of brilliance {unknown}
 f - 4 potions of cancellation {unknown}
 h - 5 potions of flight {unknown}
 k - 2 potions of mutation {unknown}
 m - a potion of might {unknown}
 o - 3 potions of haste {unknown}
 p - a potion of berserk rage {unknown}
 q - 5 potions of curing {unknown}
 z - 5 potions of attraction {unknown}
 D - a potion of degeneration {unknown}
 G - a potion of resistance {unknown}
 M - 2 potions of magic {unknown}


   Skills:
 + Level 0.6 Fighting
 + Level 3.3 Dodging
 + Level 4.1 Stealth
 + Level 12.1 Spellcasting


You had 8 spell levels left.
You knew the following spells:

 Your Spells              Type           Power      Damage    Failure   Level
a - Foxfire               Conj/Fire      100%       2x1d9     0%          1
b - Scorch                Fire           100%       2d10      1%          2
c - Conjure Flame         Conj/Fire      79%        6-21      1%          3
d - Inner Flame           Hex/Fire       79%        N/A       1%          3
e - Flame Wave            Conj/Fire      79%        2d14      1%          4
f - Sandblast             Erth           100%       2d20      0%          1
g - Passwall              Tmut/Erth      65%        N/A       1%          2
h - Swiftness             Air            79%        N/A       1%          3
i - Vampiric Draining     Necr           79%        2d11      1%          3
j - Ice Form              Ice/Tmut       79%        N/A       1%          4
Your spell library was empty.

Dungeon Overview and Level Annotations

Branches:
Dungeon (9/15)             Temple (0/1) D:6         Ossuary (visited)
 Bailey (1/1)
   Lair: D:8-11         Orc: D:9-12

Altars:
Ashenzari
Dithmenos
Kikubaaqudgha
Beogh

Shops:
D:4 (   D:7 *   D:8 *

Annotations:
D:8 2 transporters


Innate Abilities, Weirdness & Mutations

You are immune to sickness and miasma.
You are immune to poison.
Your flesh is very heat resistant. (rF++)
You are vulnerable to cold. (rC-)
You float through the air rather than walking.
You learn spells naturally, not from books.
Your magical power is your life essence.
You have superior vitality. (+4 MHP)


Message History

Press: ? - help, Q - select action, (/) - cycle Dir - look around, f - activate You conjure some foxfire!
* * * LOW HITPOINT WARNING * * *
Casting: Foxfire (safe; 0% risk of failure)
Confirm with . or Enter, or press ? or * to list all spells.
Flames lash the vault guard.
The vault guard is heavily wounded.
The vault guard's fire resistance burns away.
* * * LOW HITPOINT WARNING * * *
The foxfire hits the vault guard!
The vault guard is burned terribly!
The vault guard is severely wounded.
The foxfire hits the vault guard.
The vault guard is severely wounded.
Casting: Scorch (safe; 1% risk of failure)
Confirm with . or Enter, or press ? or * to list all spells.
Flames lash the vault guard.
The vault guard is severely wounded.
* * * LOW HITPOINT WARNING * * *
Okay, then.
Okay, then.
Aiming: Iceblast
Press: ? - help, Shift-Dir - straight line
Okay, then.
Aiming: Iceblast
Press: ? - help, Q - select action, (/) - cycle Shift-Dir - straight line The mass of ice explodes!
The iceblast engulfs the vault guard!
The vault guard is almost dead.
The vault guard hits you with a +0 broad axe.
* * * LOW HITPOINT WARNING * * *
Aiming: Iceblast
Press: ? - help, Q - select action, (/) - cycle Shift-Dir - straight line The mass of ice explodes!
The iceblast engulfs the vault guard!
The vault guard is almost dead.
The vault guard misses you.
Aiming: Iceblast
Press: ? - help, Q - select action, (/) - cycle Shift-Dir - straight line The mass of ice explodes!
The iceblast engulfs the vault guard.
The vault guard is almost dead.
The vault guard hits you with a +0 broad axe!
You die...

##....# ##..)..#
#..)#v.'..≈≈
#.)(#..#....
#..##..# ≈≈≈
#)..###### ≈
#####.......#
##...##....[[#
#..@p.'..))#+##
#.....######..###
#..∩..+≈≈≈##....###
##...##≈≈≈≈#......#
#####≈≈≈≈≈'.....##
#≈≈p≈≈#....##
##≈≈≈##...##
##########


You could see a vault guard (combustible).

Vanquished Creatures
  A manticore (D:8)
  Joseph (D:7)
  Psyche (D:8)
  Maggie (D:9)
  A hornet (D:9)
  Prince Ribbit (Bailey)
  A wyvern (D:9)
  A shadow (D:8)
  6 humans (Bailey)
  Edmund (D:6)
  3 orc warriors
  2 black bears
  2 ice beasts
  4 sky beasts
  An ogre (D:6)
  A necrophage (D:6)
  A phantom (D:5)
  3 centaurs
  A kobold brigand (D:9)
  A scorpion (D:6)
  7 bullfrogs (Bailey)
  3 wyvern zombies (D:8)
  9 wights
  An electric eel (D:8)
  2 howler monkeys (D:9)
  A centaur skeleton (D:4)
  5 hounds
  A jelly (D:7)
  A gnoll shaman (D:8)
  2 orc priests
  2 orc wizards (D:6)
  A killer bee zombie (D:8)
  8 mummies (Ossuary)
  2 howler monkey zombies
  7 adders
  9 gnolls
  3 white imps
  2 worms
  4 dart slugs
  8 orcs
  6 endoplasms
  4 giant cockroaches
  A gnoll zombie (Ossuary)
  4 goblins
  8 hobgoblins
  6 jackals (D:2)
  12 kobolds
  3 quokkas
  3 ball pythons
  5 bats
  A frilled lizard (D:2)
  3 hobgoblin zombies (Ossuary)
  4 orc zombies (Ossuary)
  3 rats
175 creatures vanquished.

Vanquished Creatures (others)
  722 foxfires
722 creatures vanquished.

Grand Total: 897 creatures vanquished

Notes
Turn   | Place    | Note
-------+----------+-------------------------------------------
     0 | D:1      | 101zpm the Djinni Fire Elementalist began the quest for the
                  | Orb.
     0 | D:1      | Reached XP level 1. HP: 15/15 MP: 0/0
   213 | D:1      | Found a faded altar of an unknown god.
   541 | D:1      | Reached XP level 2. HP: 18/21 MP: 0/0
  1718 | D:2      | Reached skill level 3 in Spellcasting
  1945 | D:2      | Reached XP level 3. HP: 22/25 MP: 0/0
  1945 | D:2      | Learned a level 1 spell: Sandblast
  2927 | D:2      | Reached XP level 4. HP: 25/31 MP: 0/0
  3464 | D:3      | Noticed a black bear
  3553 | D:3      | Noticed an ice beast
  3557 | D:3      | Killed an ice beast
  3558 | D:3      | Reached skill level 4 in Spellcasting
  3558 | D:3      | Reached XP level 5. HP: 24/35 MP: 0/0
  3558 | D:3      | Learned a level 2 spell: Passwall
  4243 | D:4      | Reached XP level 6. HP: 37/40 MP: 0/0
  4280 | D:4      | Found Zaaxery's Antique Weapon Boutique.
  4429 | D:4      | Found a shadowy altar of Dithmenos.
  4597 | D:4      | Noticed a black bear
  4602 | D:4      | Killed a black bear
  4603 | D:4      | Reached skill level 5 in Spellcasting
  4979 | D:5      | Entered Level 5 of the Dungeon
  5118 | D:5      | Noticed a sky beast
  5125 | D:5      | Killed a sky beast
  5126 | D:5      | Reached XP level 7. HP: 37/45 MP: 0/0
  5126 | D:5      | Learned a level 3 spell: Swiftness
  5254 | D:5      | Found a sand-covered staircase.
  5259 | Ossuary  | Entered an ossuary
  5525 | Ossuary  | Reached skill level 6 in Spellcasting
  5902 | D:5      | Reached XP level 8. HP: 16/50 MP: 0/0
  6593 | D:6      | Reached skill level 7 in Spellcasting
  7670 | D:7      | Reached skill level 8 in Spellcasting
  7850 | D:7      | Noticed Joseph
  7857 | D:7      | Killed Joseph
  7858 | D:7      | Reached XP level 9. HP: 35/55 MP: 0/0
  7858 | D:7      | Learned a level 3 spell: Vampiric Draining
  8037 | D:7      | Reached skill level 9 in Spellcasting
  8391 | D:7      | Found Juvy's Mayhem Merchandise.
  8794 | D:6      | Noticed Edmund
  8804 | D:6      | Found a broken altar of Ashenzari.
  8822 | D:6      | Killed Edmund
  9092 | D:6      | Identified the +7 hand axe of Zeuryjaetu {spect, rN+ Int+6}
  9305 | D:6      | Found a staircase to the Ecumenical Temple.
  9537 | D:8      | Noticed a manticore
  9919 | D:8      | Reached skill level 10 in Spellcasting
  9919 | D:8      | Reached XP level 10. HP: 25/60 MP: 0/0
 10266 | D:8      | Noticed Psyche
 10419 | D:8      | Killed Psyche
 10604 | D:8      | Found a transporter.
 10656 | D:8      | Killed a manticore
 11075 | D:8      | Found a transporter.
 11113 | D:8      | Noticed an ogre mage
 11203 | D:8      | Found Peit's General Store.
 11364 | D:9      | Reached skill level 11 in Spellcasting
 11838 | D:9      | Noticed Maggie
 11842 | D:9      | Killed Maggie
 12038 | D:9      | Found a flagged portal.
 12043 | Bailey   | Entered a bailey
 12110 | Bailey   | Reached XP level 11. HP: 31/66 MP: 0/0
 12110 | Bailey   | Learned a level 4 spell: Ice Form
 12374 | Bailey   | Noticed Prince Ribbit
 12380 | Bailey   | Killed Prince Ribbit
 12381 | Bailey   | Reached skill level 12 in Spellcasting
 12683 | Bailey   | Noticed a vault guard
 12692 | Bailey   | HP: 3/66 [vault guard/+0 broad axe (4)]
 12730 | Bailey   | HP: 1/66 [vault guard/+0 broad axe (4)]
 12732 | Bailey   | Mangled by a vault guard

Illustrated notes

Levels and vault maps discovered:
D:1:      dpeg_chamrin_arrival_tetris, layout_rooms,
          shapermc_ecumenical_altar_rom_forum, corexii_corridor_pit,
          due_unseen_surprise
D:2:      layout_basic
D:3:      layout_basic, slow_altar_2, serial_shops, nicolae_lakefront_shop
D:4:      layout_basic, gammafunk_temple_overflow_elements, serial_shops,
          shop_fountains, minmay_crossroads
D:5:      layout_loops_ring, enter_ossuary_5
D:6:      layout_basic, evilmike_ruin_ashenzari,
          minmay_temple_entry_statues_pillars, moated_statue, st_stairs_13,
          uniq_edmund
D:7:      layout_loops_ring, minmay_shop_mayhem, uniq_joseph
D:8:      gammafunk_beogh_shrine, layout_loops_ring, serial_shops,
          nicolae_shop_crystal, kennysheep_island_fort, uniq_psyche
D:9:      layout_basic, enter_bailey_4, special_room [special_room_orc],
          nicolae_two_hexagons, billiards_dpeg, uniq_maggie
Bailey:   bailey_axe_froggy_fort_hellmonk, bailey

Skill      XL: |  1  2  3  4  5  6  7  8  9 10 11 |
---------------+----------------------------------+-----
Spellcasting   | 3 4 5 6 8 10 11 12 | 12.1
Stealth        | 2 3 4 |  4.1
Dodging        | 3 |  3.3
Fighting       | |  0.6

Action                   |  1- 3 |  4- 6 |  7- 9 | 10-12 || total
-------------------------+-------+-------+-------+-------++-------
Melee: Hand axe          |       |       |       |     1 ||     1
 Cast: Foxfire           |   115 |    84 |   166 |    85 ||   450
       Scorch            |     8 |    20 |    26 |    38 ||    92
       Inner Flame       |       |     8 |    46 |    45 ||    99
       Vampiric Draining |       |       |       |     1 ||     1
Evoke: Wand              |       |       |       |     3 ||     3
  Use: Scroll            |       |       |     8 |     1 ||     9
Armor: Robe              |       |       |     4 |     4 ||     8
Dodge: Dodged            |       |     1 |     7 |    13 ||    21
